 Dungeon Crawl Stone Soup version 0.26-a0-710-g95a0c6c400 (webtiles) character file.

Game seed: 17463368927377237105

91 Forecaster the Stinger (level 4, -5/36 HPs)
             Began as a Naga Venom Mage on Oct 30, 2020.
             Killed from afar by an orc wizard (7 damage)
             ... with a magic dart
             ... on level 2 of the Dungeon.
             The game lasted 00:07:40 (1498 turns).

Forecaster the Stinger (Naga Venom Mage)            Turns: 1498, Time: 00:07:41

Health: -5/36      AC:  4    Str: 10    XL:     4   Next: 59%
Magic:  1/8        EV: 10    Int: 16    God:
Gold:   34         SH:  0    Dex: 12    Spells: 6/9 levels left

rFire    . . .     SeeInvis +   d - +0 dagger
rCold    . . .     Faith    +   (no shield)
rNeg     . . .     Spirit   .   a - +0 robe
rPois    +         Reflect  .   (no helmet)
rElec    .         Harm     .   (no cloak)
rCorr    .         Rampage  .   k - +1 pair of gloves
MR       .....                  (no barding)
Stlth    ++........             j - amulet of faith
HPRegen  0.12/turn              (no ring)
MPRegen  0.11/turn              (no ring)

@: flying, very slow
A: large, see invisible, deformed body, poison resistance, slowness 2, spit
poison 1, AC +1
a: Spit Poison


You were on level 2 of the Dungeon.
You visited 1 branch of the dungeon, and saw 2 of its levels.

You collected 34 gold pieces.

Inventory:

Hand Weapons
 b - a +0 club
 d - a +0 dagger (weapon)
Missiles
 l - 22 poisoned darts (quivered)
Armour
 a - a +0 robe (worn)
 k - a +1 pair of gloves (worn)
Jewellery
 j - an amulet of faith (around neck)
Scrolls
 c - a scroll of blinking {unknown}
 e - 4 scrolls of identify {unknown}
 f - a scroll of magic mapping {unknown}
 g - a scroll of remove curse {unknown}
 m - a scroll of teleportation {unknown}
 n - a scroll of enchant weapon {unknown}
Potions
 o - a potion of heal wounds {unknown}


   Skills:
 + Level 0.1 Short Blades
 + Level 0.4 Maces & Flails
 + Level 1.9 Dodging
 + Level 3.1 Stealth
 + Level 3.1 Spellcasting
 + Level 1.4 Transmutations
 + Level 1.2 Air Magic
 + Level 4.8 Poison Magic


You had 6 spell levels left.
You knew the following spells:

 Your Spells              Type           Power        Failure   Level
a - Sting                 Tmut/Pois      ##..         5%          1
b - Poisonous Vapours     Pois/Air       ##....       9%          2

Your spell library contained the following spells:

 Spells                   Type           Power        Failure   Level
 Ignite Poison            Fire/Tmut/Pois #.......     24%         3
 Mephitic Cloud           Conj/Pois/Air  #.......     24%         3
 Olgreb's Toxic Radiance  Pois           ###.....     26%         4


Dungeon Overview and Level Annotations

Branches:
Dungeon (2/15)

Altars:


Innate Abilities, Weirdness & Mutations

You cannot wear boots.
Your serpentine skin is tough. (AC +1)
You have supernaturally acute eyesight. (SInv)
Armour fits poorly on your strangely shaped body.
Your system is resistant to poisons. (rPois)
You cover ground very slowly.
You can spit poison.


Message History

The orc wizard closely misses you.
You hit the kobold.
The kobold is heavily wounded.
The orc priest barely misses you. The rat barely misses you.
The kobold hits you but does no damage.
The orc wizard hits you with a +0 dagger.
* * * LOW HITPOINT WARNING * * *
You hit the kobold.
You kill the kobold!
The orc priest closely misses you. The rat barely misses you.
The orc wizard closely misses you.
Your magical contamination has completely faded away.
The orc priest barely misses you.
The orc wizard hits you with a +0 dagger.
* * * LOW HITPOINT WARNING * * *
The orc priest barely misses you. The rat closely misses you.
You hit the rat but do no damage.
The orc wizard points at you and mumbles some strange words.
The magic dart hits you!
You die...

#.# .....# .# #.#
#..(.#..# #.#
#.......#
#.########.......#
#<.......†..#...##
######....#.# .#
#....#.#
####oo..#.#
#...@rr...#
#.#######.....# #
.....# .....#
.K..... .....##
.....# .....#


You could see an orc priest, an orc wizard and 2 rats.

Vanquished Creatures
  An orc priest (D:2)
  An adder (D:2)
  4 dart slugs (D:1)
  A leopard gecko (D:1)
  An orc (D:2)
  3 giant cockroaches (D:1)
  8 goblins (D:1)
  2 hobgoblins (D:1)
  10 kobolds
  6 bats (D:1)
  3 frilled lizards (D:1)
  A rat (D:2)
41 creatures vanquished.

Notes
Turn   | Place    | Note
-------+----------+-------------------------------------------
     0 | D:1      | Forecaster the Naga Venom Mage began the quest for the Orb.
     0 | D:1      | Reached XP level 1. HP: 15/15 MP: 3/3
   108 | D:1      | Reached XP level 2. HP: 10/22 MP: 0/5
   145 | D:1      | Learned a level 2 spell: Poisonous Vapours
   545 | D:1      | Reached XP level 3. HP: 28/28 MP: 1/6
  1385 | D:2      | Reached XP level 4. HP: 36/36 MP: 2/8
  1485 | D:2      | Reached skill level 1 in Air Magic
  1498 | D:2      | Killed from afar by an orc wizard

Illustrated notes

Levels and vault maps discovered:
D:1:      saegor_arrival_simple_a, layout_rooms, minmay_misc_feat_tiny,
          minmay_unequal
D:2:      kb_forest_paths, layout_basic, vehumet_crystals

Skill      XL: |  1  2  3  4 |
---------------+-------------+-----
Spellcasting   | 3 |  3.1
Air Magic      | 1 |  1.2
Short Blades   | |  0.1
Maces & Flails | |  0.4
Dodging        | |  1.9
Stealth        | |  3.1
Transmutations | |  1.4
Poison Magic   | |  4.8

Action                   |  1- 3 |  4- 6 || total
-------------------------+-------+-------++-------
Melee: Club              |     3 |       ||     3
       Unarmed           |     1 |       ||     1
       Dagger            |    26 |    19 ||    45
 Cast: Sting             |    11 |       ||    11
       Poisonous Vapours |    33 |     5 ||    38
  Use: Potion            |       |     3 ||     3
 Stab: Sleeping          |     1 |       ||     1
Armor: Robe              |    12 |     7 ||    19
Dodge: Dodged            |    21 |    31 ||    52

Table legend: (Time is in decaauts)
 A = Elapsed time spent in this place.
 B = Non-inter-level travel time spent in this place.
 C = Inter-level travel time spent in this place.
 D = Time resting spent in this place.
 E = Time spent auto-exploring this place.
 F = Levels seen in this place.
 G = Mean time per level.
                   A        B        C        D        E       F      G
               +--------+--------+--------+--------+--------+-----+--------+
         Total |   1651 |   1640 |     11 |    546 |    759 |   2 |  825.5 |
       Dungeon |   1651 |   1640 |     11 |    546 |    759 |   2 |  825.5 |
               +--------+--------+--------+--------+--------+-----+--------+

Top non-repeatable levels by time:
     D:1: 1515 daAuts
     D:2: 136 daAuts
